 Dungeon Sprint DCSS version 0.29-a0-459-g97dee8cd24 (webtiles) character file.

Game seed: 5794499678889083233

2579 mhtbhm the Slicer (level 9, 0/65 HPs)
             Began as a Kobold Berserker on May 20, 2022.
             Was a High Priest of Trog.
             Slain by a moth of wrath (19 damage)
             ... called by a spriggan druid
             ... in the Dungeon (Sprint IV: "Fedhas' Mad Dash").
             The game lasted 00:01:44 (914 turns).

mhtbhm the Slicer (Kobold Berserker)                 Turns: 914, Time: 00:01:45

Health: 0/65       AC:  2    Str: 19    XL:     9   Next: 88%
Magic:  9/9        EV: 18    Int:  8    God:    Trog [*****.]
Gold:   109        SH:  0    Dex: 14    Spells: 8/8 levels left

rFire   + . .      SeeInvis .   a - +0 short sword
rCold   + . .      Faith    .   (no shield)
rNeg    . . .      Spirit   .   b - +0 animal skin
rPois   +          Reflect  .   (no helmet)
rElec   .          Harm     .   l - scarf {rC+ rF+}
rCorr   .          Rampage  .   (no gloves)
Will    .....      NoTele   +   (no boots)
Stlth   +++++++...              k - amulet of invisibility {+Inv}
HPRegen 0.20/turn               o - ring of poison resistance
MPRegen 0.11/turn               (no ring)

@: on berserk cooldown, slowed, very slow
A: small, no large weapons, nightstalker 3
a: Renounce Religion, Evoke Invisibility, Berserk, Trog's Hand, Brothers in Arms


You were in the Dungeon.
You worshipped Trog.
Trog was extremely pleased with you.
You visited 1 branch You collected 109 gold pieces.

Inventory:

Hand Weapons
 a - a +0 short sword (weapon)
Missiles
 m - 6 boomerangs (quivered)
Armour
 b - a +0 animal skin (worn)
 l - a scarf of resistance (worn)
Jewellery
 k - the amulet of invisibility (around neck) {+Inv}
   (You found it in the Dungeon)

   [amulet of nothing]

   +Inv:      It lets you turn invisible.
 o - a ring of poison resistance (left hand)
Scrolls
 h - a scroll of blinking
 j - a scroll of amnesia {unknown}
 n - a scroll of enchant armour {unknown}
 p - a scroll of poison {unknown}
Potions
 c - a potion of curing
 d - a potion of heal wounds
 e - a potion of haste
 f - 2 potions of magic
 g - a potion of berserk rage
 i - a potion of ambrosia {unknown}


   Skills:
 + Level 11.7 Fighting
 + Level 14.8 Short Blades
 + Level 4.0 Armour
 + Level 7.8 Dodging
 + Level 14.4 Stealth
 + Level 10.5 Evocations


You had 8 spell levels left.
You didn't know any spells.
Your spell library was empty.

Dungeon Overview and Level Annotations

Branches:
Dungeon (1/1)

Altars:
Cheibriados
Dithmenos
Elyvilon
Gozag
Hepliaklqana
Kikubaaqudgha
Makhleb
Nemelex Xobeh
Okawaru
Qazlal
Ru
Sif Muna
Trog
Uskayaw
Vehumet
Wu Jian
Xom
Yredelemnul
Zin
The Shining One
Beogh
Jiyva
Lugonu


Innate Abilities, Weirdness & Mutations

You are small and have problems with some larger weapons.
You are completely attuned to the shadows.


Message History

You kill the spriggan druid!
Trog accepts your kill.
Trog appreciates your killing of a magic user.
Your Stealth skill gained 2 levels and is now at level 14!
Your Evocations skill increases to level 10!
Things that are here:
a +0 quarterstaff; a +0 robe; a spriggan corpse You feel a strong urge to attack something.
You now have 109 gold pieces (gained 11).
You are no longer berserk.
You are exhausted.
You feel yourself slow down.
Things that are here:
a +0 quarterstaff; a +0 robe; a spriggan corpse You start resting.
You hear an angry buzzing noise.
You hear a shout!
A scorpion comes into view.
A scorpion is nearby!
A scorpion is nearby!
A scorpion is nearby!
You puncture the scorpion!
The scorpion is heavily wounded.
The scorpion stings you.
You hit the scorpion.
The scorpion is severely wounded.
The scorpion misses you.
You barely miss the scorpion.
The scorpion is severely wounded.
The scorpion stings you!
You hit the scorpion.
You kill the scorpion!
Trog accepts your kill. Trog grants you a weapon!
Something appears at your feet!
You see here a +1 vorpal rapier.
A moth of wrath comes into view.
The moth of wrath bites you!
* * * LOW HITPOINT WARNING * * *
The moth of wrath bites you!!
You die...

.†.'.#:..'.._._._._._..'..#
...#.#...#..._._._._...#..#
#######'##.._._._._._..#.)#
.....'...#._._._._._.⌠.####
.....#...###############
.♣..######♣♣♣♣♣..♣$#
######..'......♣..♣#
'.......#♣..♣♣♣y♣).#
#.......#.♣♣..♣.@.♣+
########## ########


You could see a moth of wrath.

Vanquished Creatures
  A spriggan druid (D)
  2 oklob plants (D)
  A queen bee (D)
  2 burning bushes (D)
  A wandering mushroom (D)
  2 scorpions (D)
  4 killer bees (D)
  5 oklob saplings (D)
  A river rat (D)
  A rat (D)
20 creatures vanquished.

Notes
Turn   | Place    | Note
-------+----------+-------------------------------------------
     0 | D        | mhtbhm the Kobold Berserker began the quest for the Orb.
     0 | D        | Reached XP level 1. HP: 14/14 MP: 1/1
    11 | D        | Reached skill level 5 in Short Blades
    11 | D        | Reached XP level 2. HP: 20/20 MP: 2/2
    69 | D        | Noticed an oklob sapling
    70 | D        | Killed an oklob sapling
    70 | D        | Reached ** piety under Trog
    71 | D        | Reached skill level 5 in Fighting
    71 | D        | Reached XP level 3. HP: 24/26 MP: 3/3
    87 | D        | Noticed a scorpion
    87 | D        | Found the amulet of invisibility {+Inv}
    94 | D        | Killed a scorpion
    95 | D        | Reached skill level 1 in Stealth
    95 | D        | Reached XP level 4. HP: 32/32 MP: 4/4
   206 | D        | Found an opulent altar of Gozag.
   206 | D        | Found a sacrificial altar of Ru.
   207 | D        | Found a burning altar of Makhleb.
   207 | D        | Found an ornate altar of the Wu Jian Council.
   207 | D        | Found a shimmering altar of Xom.
   208 | D        | Found a hazy altar of Hepliaklqana.
   208 | D        | Found a shimmering blue altar of Sif Muna.
   209 | D        | Found a sparkling altar of Nemelex Xobeh.
   209 | D        | Found a snail-covered altar of Cheibriados.
   209 | D        | Found a basalt altar of Yredelemnul.
   210 | D        | Found a viscous altar of Jiyva.
   210 | D        | Found a bloodstained altar of Trog.
   210 | D        | Noticed an oklob sapling priest
   211 | D        | Found an iron altar of Okawaru.
   211 | D        | Found a shadowy altar of Dithmenos.
   211 | D        | Found a glowing silver altar of Zin.
   212 | D        | Found an ancient bone altar of Kikubaaqudgha.
   212 | D        | Found a hide-covered altar of Uskayaw.
   213 | D        | Found a stormy altar of Qazlal.
   213 | D        | Found a white marble altar of Elyvilon.
   213 | D        | Found a glowing golden altar of the Shining One.
   217 | D        | Killed an oklob sapling priest
   218 | D        | Reached XP level 5. HP: 38/38 MP: 3/5
   218 | D        | Found a corrupted altar of Lugonu.
   218 | D        | Found a radiant altar of Vehumet.
   253 | D        | Reached *** piety under Trog
   254 | D        | Reached skill level 1 in Evocations
   308 | D        | Reached skill level 10 in Short Blades
   308 | D        | Reached skill level 5 in Dodging
   308 | D        | Reached XP level 6. HP: 44/44 MP: 3/6
   345 | D        | Noticed a queen bee
   353 | D        | Killed a queen bee
   354 | D        | Reached XP level 7. HP: 51/51 MP: 5/7
   363 | D        | Reached **** piety under Trog
   364 | D        | Reached skill level 5 in Evocations
   548 | D        | Noticed an oklob plant
   754 | D        | Killed an oklob plant
   755 | D        | Reached skill level 10 in Fighting
   755 | D        | Reached XP level 8. HP: 58/58 MP: 5/8
   802 | D        | Noticed a burning bush
   805 | D        | Killed a burning bush
   806 | D        | Reached skill level 10 in Stealth
   818 | D        | Noticed a burning bush
   820 | D        | Killed a burning bush
   821 | D        | Reached XP level 9. HP: 63/63 MP: 6/9
   821 | D        | Noticed an oklob plant
   823 | D        | Noticed a wandering mushroom
   825 | D        | Killed an oklob plant
   825 | D        | Reached ***** piety under Trog
   829 | D        | Killed a wandering mushroom
   875 | D        | Noticed a spriggan druid
   892 | D        | Killed a spriggan druid
   893 | D        | Reached skill level 10 in Evocations
   913 | D        | Received a gift from Trog
   914 | D        | Noticed a moth of wrath
   914 | D        | Slain by a moth of wrath

Illustrated notes

Levels and vault maps discovered:
D:        dungeon_sprint_fedhas [sprint_temple]

Skill      XL: |  1  2  3  4  5  6  7  8  9 |
---------------+----------------------------+-----
Fighting       | 4 5 6 7 8 9 10 11 | 11.7
Short Blades   | 5 6 8 9 10 11 13 14 | 14.8
Armour         | 2 3 4 |  4.0
Dodging        | 3 4 5 6 7 |  7.8
Stealth        | 1 2 4 6 9 11 14 | 14.4
Evocations     | 1 4 6 8 10 | 10.5

Action                   |  1- 3 |  4- 6 |  7- 9 || total
-------------------------+-------+-------+-------++-------
Melee: Short sword       |    10 |    11 |    42 ||    63
Invok: Berserk           |     2 |     1 |     2 ||     5
 Abil: Evoke Invisibilit |       |     4 |     2 ||     6
 Stab: Sleeping          |     1 |     3 |     5 ||     9
       Invisible         |       |     2 |     4 ||     6
Armor: Animal skin       |     1 |       |       ||     1
Dodge: Dodged            |     3 |     9 |    11 ||    23

Table legend: (Time is in decaauts)
 A = Elapsed time spent in this place.
 B = Non-inter-level travel time spent in this place.
 C = Inter-level travel time spent in this place.
 D = Time resting spent in this place.
 E = Time spent auto-exploring this place.
 F = Levels seen in this place.
 G = Mean time per level.
                   A        B        C        D        E       F      G
               +--------+--------+--------+--------+--------+-----+--------+
         Total |    935 |    935 |      0 |    689 |      3 |   1 |  935.0 |
       Dungeon |    935 |    935 |      0 |    689 |      3 |   1 |  935.0 |
               +--------+--------+--------+--------+--------+-----+--------+

Top non-repeatable levels by time:
       D: 935 daAuts
